 Dungeon Crawl Stone Soup version 0.31-a0-339-gda1cbd555d (webtiles) character file.

Game seed: 1910019625089057064

1365 Enroth the Thaumaturge (level 8, -6/42 HPs)
             Began as a Deep Elf Fire Elementalist on July 20, 2023.
             Was a Follower of Vehumet.
             Mangled by a wyvern zombie (10 damage)
             ... on level 5 of the Dungeon.
             The game lasted 00:27:35 (5331 turns).

Enroth the Thaumaturge (Deep Elf Fire Elementalist) Turns: 5331, Time: 00:27:36

Health: -6/42      AC:  3    Str:  3 (5)  XL:     8   Next: 38%
Magic:  5/23       EV: 18    Int: 23      God:    Vehumet [*.....]
Gold:   188        SH:  0    Dex: 15      Spells: 22/26 levels left

rFire   + . .        d - +2 dagger (freeze)
rCold   + . .        (no shield)
rNeg    + . .        u - +2 robe {rN+}
rPois   +            (helmet restricted)
rElec   .            v - scarf {rC+ rF+}
rCorr   .            (no gloves)
SInv    .            (no boots)
Will    .....        (no amulet)
Stlth   +            l - +5 ring of evasion
HPRegen 0.27/turn    (no ring)
MPRegen 0.18/turn

%: no passive effects
@: silenced
A: horns 1, deformed body, poison resistance
a: Renounce Religion


You were on level 5 of the Dungeon.
You worshipped Vehumet.
Vehumet was aware of your devotion.
You visited 2 branches of the dungeon, and saw 6 of its levels.

You collected 188 gold pieces.

Inventory:

Hand Weapons
 d - a +2 dagger of freezing (weapon)
Armour
 u - a +2 robe of positive energy (worn)
 v - a scarf of resistance (worn)
Jewellery
 l - a +5 ring of evasion (left hand)
Talismans
 h - a beast talisman
Wands
 s - a wand of charming (10)
Scrolls
 n - 3 scrolls of identify
Potions
 g - a potion of curing
 k - a potion of brilliance


   Skills:
 + Level 0.3 Fighting
 + Level 2.9 Dodging
 - Level 2.7 Stealth
 + Level 9.7 Spellcasting
 * Level 4.5 Conjurations
 + Level 7.1 Fire Magic
 + Level 0.5 Earth Magic


You had 22 spell levels left.
You knew the following spells:

 Your Spells              Type           Power      Damage    Failure   Level
a - Foxfire               Conj/Fire      100%       2x1d9     1%          1
b - Scorch                Fire           88%        2d9       1%          2
c - Sandblast             Erth           26%        2d8       4%          1

Your spell library contained the following spells:

 Spells                   Type           Power      Damage    Failure   Level
 Inner Flame              Hex/Fire       27%        N/A       4%          3
 Volatile Blastmotes      Fire/Tloc      54%        2d14      4%          3
 Flame Wave               Conj/Fire      38%        2d10      5%          4
 Chain Lightning          Conj/Air       10%        3d14      100%        9
 Fire Storm               Conj/Fire      19%        8d5       100%        9
 Shatter                  Erth           6%         3d9*      100%        9


Dungeon Overview and Level Annotations

Branches:
Dungeon (5/15)             Temple (1/1) D:4

Altars:
Ashenzari
Cheibriados
Dithmenos
Elyvilon
Fedhas
Hepliaklqana
Makhleb
Okawaru
Qazlal
Ru
Trog
Uskayaw
Vehumet
Xom
Yredelemnul
Zin

Shops:
D:3 (

Annotations:
D:3 2 transporters


Innate Abilities, Weirdness & Mutations

You have a pair of small horns on your head.
Armour fits poorly on your strangely shaped body.
Your system is resistant to poisons. (rPois)


Message History

Casting: Scorch (safe; 1% risk of failure)
Confirm with . or Enter, or press ? or * to list all spells.
Flames lash the wyvern zombie.
The wyvern zombie is heavily damaged.
The wyvern zombie's fire resistance burns away.
The wyvern zombie bites you.
Casting: Scorch (safe; 1% risk of failure)
Confirm with . or Enter, or press ? or * to list all spells.
Flames lash the bullfrog zombie.
The bullfrog zombie is heavily damaged.
The bullfrog zombie's fire resistance burns away.
The wyvern zombie misses you. The wyvern zombie bites you!
Unknown command.
As you read the scroll labelled PIETYB DOKKU, it crumbles to dust.
A profound silence engulfs you.
It was a scroll of silence.
The wyvern zombie closely misses you.
You feel better. The wyvern zombie barely misses you.
The wyvern zombie attacks as you move away!
The wyvern zombie bites you but does no damage.
The wyvern zombie bites you!
The wyvern zombie attacks as you move away!
The wyvern zombie bites you!
* * * LOW HITPOINT WARNING * * *
The wyvern zombie is no longer more vulnerable to fire.
The centaur zombie is no longer more vulnerable to fire.
Magic scrolls do not work when you're silenced!
You feel better. The wyvern zombie barely misses you.
This spell is dangerous to cast!
Memorise Flame Wave, consuming 4 spell levels and leaving 18?
The wyvern zombie closely misses you.
You start memorising the spell.
You continue memorising.
The wyvern zombie bites you!
Your memorisation is interrupted.
* * * LOW HITPOINT WARNING * * *
The wyvern zombie barely misses you.
Aiming: Charm
Press: ? - help, Shift-Dir - straight line, f - wyvern zombie
Aim: a wyvern zombie (silenced, heavily damaged, chance to affect: 61%)
The wyvern zombie resists with significant effort.
The wyvern zombie bites you!
You die...

.<....#.##.#########.#.#.#..####.
........................)........
........##.#######.......#..####.
..>..#####...... #..#'#..#..# #.
....... ....... #..# #..#..# #.
####### ........##.)###.....# #.
##........#......##..# #.
#........###....##..# #.
##......@....######.# #.
######8#Z#8#.......# #. #######
###Z##############. .....[# #Z#
#.......[.... #####.#
#.'zZ.############# ### #.#
###†###.########### ..# #.# '.'
#............ ..# #.### #.#
#........#### ..###...# '.'
#..#####.##


You could see a wight, an adder zombie, a bullfrog zombie, a wyvern zombie and a
centaur zombie.

Vanquished Creatures
  Grinder (D:5)
  Sigmund (D:3)
  An ice beast (D:4)
  A phantom (D:5)
  A necrophage (D:5)
  A scorpion (D:5)
  A wight (D:5)
  2 bullfrog zombies (D:5)
  3 hounds
  An orc priest (D:5)
  A jelly (D:5)
  A gnoll bouda (D:5)
  Terence (D:3)
  Jessica (D:3)
  An iguana (D:4)
  A scorpion zombie (D:5)
  Natasha (D:3)
  4 orc wizards
  8 adders
  3 gnolls (D:5)
  2 worms (D:2)
  A dart slug (D:4)
  12 orcs
  2 bats (D:1)
  10 endoplasms
  4 giant cockroaches
  4 goblins
  10 hobgoblins
  6 jackals
  4 quokkas
  7 ball pythons
  4 frilled lizards
  4 kobolds
  10 rats
115 creatures vanquished.

Vanquished Creatures (others)
  251 foxfires
251 creatures vanquished.

Grand Total: 366 creatures vanquished

Notes
Turn   | Place    | Note
-------+----------+-------------------------------------------
     0 | D:1      | Enroth the Deep Elf Fire Elementalist began the quest for
                  | the Orb.
     0 | D:1      | Reached XP level 1. HP: 10/10 MP: 6/6
   381 | D:1      | Reached XP level 2. HP: 15/15 MP: 5/8
   590 | D:1      | Learned a level 2 spell: Scorch
   884 | D:1      | Reached XP level 3. HP: 19/19 MP: 4/9
  1671 | D:2      | Found a faded altar of an unknown god.
  1748 | D:2      | Reached skill level 4 in Spellcasting
  1844 | D:2      | Reached XP level 4. HP: 24/24 MP: 7/12
  2179 | D:3      | Found a basalt altar of Yredelemnul.
  2253 | D:3      | Found a white marble altar of Elyvilon.
  2341 | D:3      | Noticed Jessica
  2363 | D:3      | Killed Jessica
  2524 | D:3      | Found a transporter.
  2576 | D:3      | Found a transporter.
  2653 | D:3      | Noticed Natasha
  2663 | D:3      | Killed Natasha
  2664 | D:3      | Reached skill level 5 in Spellcasting
  2716 | D:3      | Found Omyfuxt's Weapon Emporium.
  2718 | D:3      | Noticed Terence
  2727 | D:3      | Killed Terence
  2728 | D:3      | Reached XP level 5. HP: 28/28 MP: 5/15
  2950 | D:3      | Noticed Sigmund
  2953 | D:3      | Killed Sigmund
  2954 | D:3      | Reached skill level 6 in Spellcasting
  2954 | D:3      | Reached skill level 5 in Fire Magic
  2954 | D:3      | Reached XP level 6. HP: 32/32 MP: 9/17
  3066 | D:4      | Found a burning altar of Makhleb.
  3129 | D:4      | Found a glowing silver altar of Zin.
  3224 | D:4      | Found a bloodstained altar of Trog.
  3240 | D:4      | Found a broken altar of Ashenzari.
  3435 | D:4      | Noticed an ice beast
  3442 | D:4      | Killed an ice beast
  3443 | D:4      | Reached skill level 7 in Spellcasting
  3571 | D:4      | Found a staircase to the Ecumenical Temple.
  3587 | Temple   | Entered the Ecumenical Temple
  3605 | Temple   | Became a worshipper of Vehumet
  3706 | D:4      | Reached XP level 7. HP: 36/36 MP: 15/19
  3961 | D:4      | Gained mutation: Armour fits poorly on your strangely
                  | shaped body. [potion of mutation]
  3961 | D:4      | Gained mutation: You have a pair of small horns on your
                  | head. [potion of mutation]
  3961 | D:4      | Gained mutation: Your system is resistant to poisons.
                  | (rPois) [potion of mutation]
  4011 | D:5      | Entered Level 5 of the Dungeon
  4507 | D:5      | Reached skill level 8 in Spellcasting
  4532 | D:5      | Reached * piety under Vehumet
  4532 | D:5      | Offered knowledge of Sandblast by Vehumet.
  4541 | D:5      | Learned a level 1 spell: Sandblast
  4653 | D:5      | Noticed Grinder
  4660 | D:5      | Paralysed by Grinder for 4 turns
  4665 | D:5      | Killed Grinder
  4666 | D:5      | Reached XP level 8. HP: 42/42 MP: 6/22
  4823 | D:5      | Reached skill level 9 in Spellcasting
  4903 | D:5      | Found a hazy altar of Hepliaklqana.
  5327 | D:5      | HP: 2/42 [wyvern zombie (13)]
  5331 | D:5      | Mangled by a wyvern zombie

Illustrated notes

Levels and vault maps discovered:
D:1:      enne_arrival_octagon_isle, layout_loops_ring, minmay_pentomino_p4
D:2:      layout_rooms, shapermc_ecumenical_altar_flowoftime, st_stairs_9,
          chequers_arboretum
D:3:      gammafunk_steamed_eel, layout_loops_ring,
          mainiacjoe_overflow_six_doors_small, mainiacjoe_overflow_paths,
          serial_shops, nicolae_shop_bloodbath_and_beyond, uniq_sigmund,
          uniq_jessica, uniq_terence, uniq_natasha
D:4:      layout_basic, cheibrodos_ashenzari_chains,
          makhleb_blood_cavern_becter, grunt_temple_overflow_open,
          minmay_temple_entry_water_ring
D:5:      layout_basic, lemuel_mausoleum_altar_kikubaaqudgha,
          nzn_hepliaklqana_mist_gate, serial_shops, kennysheep_mini_moat,
          serial_park_tiny_1, uniq_grinder
Temple:   nicolae_temple_cloud_nine

Skill      XL: |  1  2  3  4  5  6  7  8 |
---------------+-------------------------+-----
Fire Magic     | 4 5 6 7 |  7.1
Spellcasting   | 4 5 6 7 8 9 |  9.7
Conjurations   | 2 3 4 |  4.5
Fighting       | |  0.3
Dodging        | |  2.9
Stealth        | |  2.7
Earth Magic    | |  0.5

Action                     |  1- 3 |  4- 6 |  7- 9 || total
---------------------------+-------+-------+-------++-------
  Melee: Dagger            |     8 |       |     3 ||    11
         Headbutt          |       |       |     1 ||     1
   Cast: Foxfire           |    81 |    48 |    33 ||   162
         Scorch            |       |    25 |    56 ||    81
         Sandblast         |       |       |     4 ||     4
Ability: Begin Untransform |     1 |       |       ||     1
  Evoke: Wand              |       |       |     1 ||     1
    Use: Potion            |       |       |    11 ||    11
         Scroll            |       |       |     8 ||     8
 Armour: Robe              |     3 |     3 |     7 ||    13
  Dodge: Dodged            |     8 |     9 |    21 ||    38
   Form: Beast             |     1 |       |       ||     1

Table legend: (Time is in decaauts)
 A = Elapsed time spent in this place.
 B = Non-inter-level travel time spent in this place.
 C = Inter-level travel time spent in this place.
 D = Time resting spent in this place.
 E = Time spent auto-exploring this place.
 F = Levels seen in this place.
 G = Mean time per level.
                   A        B        C        D        E       F      G
               +--------+--------+--------+--------+--------+-----+--------+
         Total |   5341 |   5235 |    106 |    203 |   4219 |   6 |  890.2 |
       Dungeon |   5316 |   5217 |     99 |    203 |   4207 |   5 | 1063.2 |
        Temple |     24 |     18 |      6 |      0 |     12 |   1 |   24.0 |
               +--------+--------+--------+--------+--------+-----+--------+

Top non-repeatable levels by time:
     D:5: 1321 daAuts
     D:1: 1320 daAuts
     D:4: 975 daAuts
     D:3: 972 daAuts
     D:2: 726 daAuts
  Temple: 24 daAuts
